 Dungeon Crawl Stone Soup version 0.30-b1-2-g02819fbbbe (webtiles) character file.

Game seed: 11855755755421957364

473293 kosdos2 the Formicid Barricade (level 25, 0/223 HPs)
             Began as a Formicid Fighter on Nov 21, 2023.
             Was a High Priest of Okawaru.
             Slain by a juggernaut (56 damage)
             ... on level 3 of the Depths.
             The game lasted 04:13:18 (49019 turns).

kosdos2 the Formicid Barricade (Formicid Fighter)  Turns: 49019, Time: 04:13:18

Health: 0/223      AC: 42    Str: 42    XL:     25   Next: 60%
Magic:  0/24       EV: 12    Int: 10    God:    Okawaru [*****.]
Gold:   5651       SH: 29    Dex: 11    Spells: 24/24 levels left

rFire   + + +        K - +4 battleaxe of Xess {venom, +Blink rN+++ Dex-2 SInv}
rCold   + + +        l - +5 tower shield
rNeg    + + +        E - +15 Maxwell's patent armour {-Cast -Tele rElec Will+ rCorr}
rPois   .            (helmet unavailable)
rElec   +            Z - +1 cloak of Feasting {Contam rElec Str+5}
rCorr   +            c - +2 pair of gloves {infuse}
SInv    +            G - +1 pair of boots "Bupuin" {-Tele Rampage rElec rC+++}
Will    ++++.        M - amulet of regeneration Stlth
                     X - ring of Woulep {rF++ Str+6}
HPRegen 1.37/turn    Y - ring of Vodka {Fly rF+ Will+}
MPRegen 0.19/turn

%: no spellcasting, rampage
@: flayed, flying
A: permanent stasis, dig shafts and tunnels, antennae 3, four strong arms,
deterioration 1, low MP 1
}: 3/15 runes: decaying, silver, gossamer
a: Dig, Shaft Self, Renounce Religion, Heroism, Finesse, Duel


You were on level 3 of the Depths.
You worshipped Okawaru.
Okawaru was extremely pleased with you.
You visited 8 branches of the dungeon, and saw 40 of its levels.
You also visited: Trove, Ossuary, Bailey, Gauntlet, Ice Cave, Volcano and Wizlab.

You collected 7233 gold pieces.
You spent 1582 gold pieces at shops.

Inventory:

Hand Weapons
 a - a +8 heavy battleaxe
 b - a +0 sling
 C - the +16 obsidian axe {drain, demonic, Mesm Drain Fly SInv}
   (You took it off an ironbound convoker on level 5 of the Vaults)

   Mesm:      Its wielder is mesmerised by any visible foes, and it cannot be
   unequipped while any foes are visible.
   SInv:      It lets you see invisible.
   Fly:       It grants you flight.
   Drain:     It drains your maximum health when unequipped.
 K - the +4 battleaxe of Xess (weapon) {venom, +Blink rN+++ Dex-2 SInv}
   (Okawaru gifted it to you on level 4 of the Depths)

   Dex:       It affects your dexterity (-2).
   rN:        It renders you almost immune to negative energy.
   SInv:      It lets you see invisible.
   +Blink:    It lets you blink.
Missiles
 e - 370 stones (quivered)
Armour
 c - a +2 pair of gloves of infusion (worn)
 l - a +5 tower shield (worn)
 E - the +15 Maxwell's patent armour (worn) {-Cast -Tele rElec Will+ rCorr}
   (Okawaru gifted it to you on level 2 of the Lair of Beasts)

   rElec:     It insulates you from electricity.
   -Cast:     It prevents spellcasting.
   -Tele:     It prevents most forms of teleportation.
   rCorr:     It protects you from acid and corrosion.
   Will:      It increases your willpower.
 G - the +1 pair of boots "Bupuin" (worn) {-Tele Rampage rElec rC+++}
   (Okawaru gifted it to you on level 5 of the Lair of Beasts)

   rC:        It renders you almost immune to cold.
   rElec:     It insulates you from electricity.
   -Tele:     It prevents most forms of teleportation.
   Rampage:   It bestows one free step when moving towards enemies.
 Z - the +1 cloak of Feasting (worn) {Contam rElec Str+5}
   (You found it in a wizard's laboratory)

   Str:       It affects your strength (+5).
   rElec:     It insulates you from electricity.
   Contam:    It causes magical contamination when unequipped.
Jewellery
 h - the ring of the Fool {rF+ rC+ Str+6}
   (You found it on level 5 of the Vaults)

   [ring of strength]

   Str:       It affects your strength (+6).
   rF:        It protects you from fire.
   rC:        It protects you from cold.
 m - a ring of flight
 n - a ring of protection from cold
 r - the ring of False Pretenses {rElec rCorr}
   (You took it off an ironbound convoker on level 5 of the Vaults)

   [ring of resist corrosion]

   rElec:     It insulates you from electricity.
   rCorr:     It protects you from acid and corrosion.
 v - a +6 ring of strength
 y - a ring of protection from cold
 H - a ring of protection from fire
 I - a +6 ring of strength
 L - a ring of protection from fire
 M - an amulet of regeneration (around neck)
 Q - a ring of poison resistance
 S - a ring of poison resistance
 X - the ring of Woulep (left hand) {rF++ Str+6}
   (You found it on level 5 of the Vaults)

   [ring of strength]

   Str:       It affects your strength (+6).
   rF:        It greatly protects you from fire.
 Y - the ring of Vodka (right hand) {Fly rF+ Will+}
   (You found it in a Gauntlet)

   [ring of willpower]

   rF:        It protects you from fire.
   Fly:       It grants you flight.
   Will:      It increases your willpower.
Wands
 i - a wand of polymorph (25)
 o - a wand of digging (29)
 p - a wand of roots (29)
 s - a wand of quicksilver (40)
 t - a wand of mindburst (41)
 D - a wand of flame (105)
 J - a wand of paralysis (31)
Scrolls
 g - 2 scrolls of brand weapon
 w - a scroll of silence
 F - 6 scrolls of fog
 N - 5 scrolls of fear
 P - 3 scrolls of enchant armour
 T - 8 scrolls of enchant weapon
 U - a scroll of amnesia
 W - 4 scrolls of magic mapping
Potions
 d - 8 potions of might
 f - 15 potions of curing
 k - 4 potions of magic
 q - 5 potions of resistance
 u - 8 potions of brilliance
 x - 3 potions of invisibility
 z - 6 potions of ambrosia
 A - 3 potions of cancellation
 B - 13 potions of heal wounds
 R - 3 potions of flight
Miscellaneous
 j - a lightning rod (3/4)
 O - a condenser vane


   Skills:
 + Level 23.8 Fighting
 + Level 25.0 Axes
 + Level 1.0 Ranged Weapons
 + Level 0.3 Throwing
 + Level 17.3 Armour
 + Level 7.2 Dodging
 + Level 3.5 Stealth
 O Level 27 Shields
 + Level 5.9 Invocations
 + Level 1.1 Evocations


You had 24 spell levels left.
You didn't know any spells.
Your spell library contained the following spells:

 Spells                   Type           Power      Damage    Failure   Level
 Apportation              Tloc           0%         N/A       75%         1
 Beastly Appendage        Tmut           0%         N/A       75%         1
 Foxfire                  Conj/Fire      0%         2x1d4     75%         1
 Sting                    Tmut/Pois      0%         1d3       75%         1
 Cigotuvi's Dreadful Rot  Necr/Pois/Air  0%         N/A       87%         2
 Ensorcelled Hibernation  Hex/Ice        0%         N/A       87%         2
 Lesser Beckoning         Tloc           0%         N/A       87%         2
 Momentum Strike          Conj/Tloc      0%         3d8       87%         2
 Passwall                 Tmut/Erth      0%         N/A       87%         2
 Poisonous Vapours        Pois/Air       0%         N/A       87%         2
 Static Discharge         Conj/Air       0%         2-2/arc   87%         2
 Wereblood                Tmut           0%         N/A       87%         2
 Gell's Gravitas          Tloc           0%         N/A       98%         3
 Hailstorm                Conj/Ice       0%         3d3       98%         3
 Portal Projectile        Hex/Tloc       0%         N/A       98%         3
 Spider Form              Tmut/Pois      0%         N/A       98%         3
 Teleport Other           Tloc           0%         N/A       98%         3
 Volatile Blastmotes      Fire/Tloc      0%         2d10      98%         3
 Airstrike                Air            0%         2d(0-16)  100%        4
 Anguish                  Hex/Necr       0%         N/A       100%        4
 Dispel Undead            Necr           0%         3d6       100%        4
 Ice Form                 Ice/Tmut       0%         N/A       100%        4
 Iskenderun's Mystic Bla  Conj/Tloc      0%         2d3       100%        4
 Olgreb's Toxic Radiance  Pois           0%         N/A       100%        4
 Petrify                  Tmut/Erth      0%         N/A       100%        4
 Alistair's Intoxication  Tmut/Pois      0%         N/A       100%        5
 Arcjolt                  Conj/Air       0%         1d10      100%        5
 Blade Hands              Tmut           0%         N/A       100%        5
 Fireball                 Conj/Fire      0%         3d3       100%        5
 Freezing Cloud           Conj/Ice/Air   0%         6-21      100%        5
 Irradiate                Conj/Tmut      0%         3d11      100%        5
 Iskenderun's Battlesphe  Conj           0%         2d6       100%        5
 Metabolic Englaciation   Hex/Ice        0%         N/A       100%        5
 Conjure Ball Lightning   Conj/Air       0%         3x3d6     100%        6
 Dispersal                Tloc           0%         N/A       100%        6
 Plasma Beam              Fire/Air       0%         2x1d11    100%        6
 Starburst                Conj/Fire      0%         6d3       100%        6
 Statue Form              Tmut/Erth      0%         N/A       100%        6
 Dragon Form              Tmut           0%         N/A       100%        7
 Enfeeble                 Hex            0%         N/A       100%        7
 Orb of Destruction       Conj           0%         9d5       100%        7
 Borgnjor's Revivificati  Necr           0%         N/A       100%        8
 Discord                  Hex            0%         N/A       100%        8
 Disjunction              Tloc           0%         N/A       100%        8
 Necromutation            Tmut/Necr      0%         N/A       100%        8
 Death's Door             Necr           0%         N/A       100%        9
 Swiftness                Air            Unusable   N/A       N/A         3
 Tukima's Dance           Hex            Unusable   N/A       N/A         3
 Vhi's Electric Charge    Tloc/Air       Unusable   N/A       N/A         3
 Summon Lightning Spire   Summ/Air       Unusable   N/A       N/A         4
 Summon Forest            Summ/Tloc      Unusable   N/A       N/A         5
 Death Channel            Necr           Unusable   N/A       N/A         6
 Simulacrum               Ice/Necr       Unusable   N/A       N/A         6
 Malign Gateway           Summ/Tloc      Unusable   N/A       N/A         7

Dungeon Overview and Level Annotations

Branches:
Dungeon (15/15)            Temple (1/1) D:5            Lair (5/5) D:8
  Swamp (4/4) Lair:3       Spider (4/4) Lair:3        Slime (0/5) Lair:5
    Orc (2/2) D:9             Elf (0/3) Orc:2        Vaults (5/5) D:13
  Crypt (0/3) Vaults:3     Depths (4/4) D:15        Ossuary (visited)
 Bailey (visited)           IceCv (visited)         Volcano (visited)
 WizLab (visited)         Gauntlet (visited)
    Zot: Depths:4

Altars:
Ashenzari
Cheibriados
Dithmenos
Elyvilon
Fedhas
Gozag
Hepliaklqana
Kikubaaqudgha
Makhleb
Nemelex Xobeh
Okawaru
Qazlal
Ru
Sif Muna
Trog
Uskayaw
Vehumet
Wu Jian
Xom
Yredelemnul
Zin
The Shining One
Jiyva

Shops:
D:5 :(   D:9 !   Orc:2 !?(=   Vaults:1 ?   Vaults:3 [   Vaults:4 ?   Depths:2 *

Portals:
Hell: Lair:5 Depths:1 Depths:2
Abyss: Depths:1 Depths:3
Pandemonium: Depths:2
Ziggurat: Depths:1


Innate Abilities, Weirdness & Mutations

You cannot be hasted, slowed, berserked, paralysed or teleported.
You can dig through walls and to a lower floor.
You have a pair of large antennae on your head. (SInv)
Your four strong arms can wield two-handed weapons with a shield.
Your body sometimes deteriorates upon taking damage.
Your magical capacity is low. (-10% MP)


Message History

* * * LOW HITPOINT WARNING * * *
You slice the golden dragon like a ripe choko!!!
The golden dragon is severely wounded.
You hear a deafening roar!
The golden dragon bites you but does no damage.
The golden dragon claws you but does no damage.
You block the golden dragon's attack.
You hear an angry buzzing noise.
You slash the golden dragon!
The golden dragon is almost dead.
You block the golden dragon's attack. x3
A fire dragon comes into view.
You chop the golden dragon into pieces!!!
You kill the golden dragon!
Okawaru accepts your kill.
You feel better. Okawaru accepts your kill.
You feel a bit more experienced. The juggernaut hits you!
* * * LOW HITPOINT WARNING * * *
You block the juggernaut's attack.
The walking crystal tome erupts in a flurry of living spells!
You barely miss the juggernaut.
The juggernaut is lightly wounded.
You barely miss the juggernaut.
The juggernaut is lightly wounded.
You slash the fire dragon!
The elephant changes into a shock serpent!
You block the fire dragon's attack. The fire dragon closely misses you.
The fire dragon tramples you.
* * * LOW HITPOINT WARNING * * *
You hold your ground!
You hit the juggernaut but do no damage.
The juggernaut is lightly wounded.
You cut the fire dragon into ribbons!!!
You hear a horrible gurgling sound!
You hear an angry buzzing noise.
You hear a deafening roar!
You chop the juggernaut into pieces!!!
The juggernaut is heavily wounded.
You closely miss the fire dragon. The juggernaut hits you!!!
You die... ....#.#...* ...#.#... ...*.[. ###.*.C;### *DTQ8SW..

#
'####;DDCC####+
.
..{{{{*CD{{{*?.
. {{{#C#{{{ .
{{{{#@#{{{ .
{#D#{ { . { #.#
{ . '.+ . { #'#
. ###.## . {
###....# ..
{###......# ...
###..#######


You could see a juggernaut, 2 shadow dragons, a titan, 2 golden dragons, a frost
giant, 2 walking crystal tomes, a fire giant, a fire dragon, a stone giant, a
tengu reaver (reflecting), a flayed ghost, a shock serpent shaped shifter, a
deep troll shaman and 3 living crystal spells.

Vanquished Creatures
  A dread lich (Vaults:5)
  An ancient lich (Depths:3)
  Boris (twice) (Vaults:4 Depths:3)
  Frederick (Vaults:5)
  Saint Roka (Depths:1)
  4 caustic shrikes (Depths:4)
  4 golden dragons
  Nikola (Spider:4)
  The ghost of Asoptod the Black Belt, an adept HuVM of Elyvilon (Swamp:3)
  Rupert (D:13)
  2 tentacled monstrosities
  4 liches
  3 quicksilver dragons
  4 titans
  A walking frostbound tome (Depths:3)
  The ghost of NimIero the Executioner, an adept MiMo of Qazlal (Spider:4)
  An eldritch tentacle (WizLab)
  A sphinx (Vaults:5)
  2 tentacled starspawn (WizLab)
  Gastronok (Lair:3)
  3 thorn hunters (Swamp:4)
  4 shadow dragons
  Kirke (Lair:3)
  3 storm dragons
  11 tengu reavers
  A draconian monk (Depths:4)
  A fenstrider witch (Swamp:1)
  A deep elf sorcerer (Vaults:5)
  11 fire giants
  A draconian knight (Depths:4)
  9 frost giants
  2 emperor scorpions
  5 ghost moths
  2 iron dragons (Depths:4)
  Louise (D:14)
  A balrug (Depths:1)
  Aizul (Vaults:4)
  13 vault wardens
  10 broodmothers
  13 stone giants
  23 very ugly things
  18 ironbound preservers
  A reaper (IceCv)
  5 ironbound thunderhulks
  A vampire knight (Depths:3)
  7 eleionomae
  Nessos (D:14)
  2 deep elf demonologists (Vaults:5)
  5 deep elf annihilators
  A green draconian (WizLab)
  Azrael (D:14)
  A dire elephant (Vaults:3)
  A bunyip (shapeshifter) (Vaults:5)
  2 red draconians (Depths:4)
  A minotaur (Gauntlet)
  3 purple draconians (Depths:4)
  7 bunyips
  5 spark wasps
  The ghost of diceflayer the Nimble, a journeyman DsGl of Okawaru (D:13)
  2 deep elf death magi
  9 ettins
  A great orb of eyes (shapeshifter) (Vaults:4)
  Josephine (D:15)
  9 entropy weavers
  6 great orbs of eyes
  A deep elf high priest (Vaults:5)
  13 yaktaur captains
  5 fire dragons
  26 hydras
  2 shambling mangroves
  7 rakshasas
  A spriggan zombie (Depths:2)
  3 ghost crabs
  5 ice dragons
  2 peacekeepers
  25 vault guards
  4 jorogumos
  7 ironbound frosthearts
  4 ogre magi
  2 spriggan air magi
  11 boulder beetles
  11 centaur warriors
  2 catoblepae
  3 alligators
  A death knight (Vaults:3)
  4 radroaches (Spider:3)
  15 two-headed ogres
  2 deep troll earth magi
  A deep troll shaman (Depths:4)
  2 vampire magi
  8 tengu warriors
  2 thrashing horrors (WizLab)
  Nergalle (Lair:3)
  3 spriggan berserkers
  Urug (D:13)
  2 orc high priests (Orc:2)
  A soul eater (Vaults:3)
  3 sun demons
  Sonja (Lair:3)
  A hell knight (WizLab)
  A sixfirhy (Lair:5)
  A skeletal warrior (Vaults:3)
  5 pharaoh ants
  An iron troll (Depths:4)
  5 skysharks
  8 goliath frogs
  Amaemon (D:9)
  5 sun moths
  Lodul (D:13)
  A glowing orange brain (Vaults:4)
  A spark wasp zombie (Depths:2)
  4 spriggan druids
  A flayed ghost (Depths:2)
  12 orb spiders
  10 bog bodies
  41 deep trolls
  Pikel (D:9)
  2 death drakes
  An obsidian statue (WizLab)
  A deep elf pyromancer (D:14)
  13 wizards
  3 phantasmal warriors
  2 starcursed masses (WizLab)
  7 swamp dragons
  A necromancer (Depths:2)
  11 lindwurms
  6 steelbarb worms
  4 orc knights
  18 ironbound convokers
  A harpy (Vaults:1)
  10 orc sorcerers
  5 oklob plants (Lair:4)
  41 ugly things
  28 wolf spiders
  2 manticores
  A salamander (shapeshifter) (Vaults:5)
  5 will-o-the-wisps
  2 worldbinders (WizLab)
  2 moths of wrath
  6 cyclopes
  A frost giant skeleton (Depths:2)
  Joseph (D:8)
  19 vault sentinels
  An elephant (shapeshifter) (Vaults:5)
  11 demonic crawlers
  8 cane toads
  6 black mambas
  A molten gargoyle (Volcano)
  6 torpor snails
  6 gargoyles
  2 ice statues (IceCv)
  10 rime drakes
  6 orange demons
  4 kobold demonologists
  A spectral redback (Gauntlet)
  15 komodo dragons
  19 yaktaurs
  Maggie (D:9)
  2 freezing wraiths
  A demonspawn skeleton (WizLab)
  An anaconda simulacrum (IceCv)
  4 tengu conjurers
  8 ice devils
  An efreet (D:14)
  A red devil (Lair:5)
  4 trolls
  10 tyrant leeches
  6 meliai
  A wind drake (WizLab)
  15 hornets
  A tengu simulacrum (Depths:2)
  A bloated husk (Swamp:4)
  32 tarantellas
  A sphinx simulacrum (Depths:2)
  10 blink frogs
  3 hellwings
  5 dream sheep
  A spectral meliai (Gauntlet)
  36 jumping spiders
  37 slime creatures
  26 culicivoras
  2 shadows
  A fire dragon skeleton (WizLab)
  2 ynoxinuls (WizLab)
  15 spriggans
  10 basilisks
  8 wraiths
  5 centaur simulacra
  4 fire elementals
  16 humans
  8 wyverns
  Grum (D:11)
  3 hogs (Lair:3)
  74 yaks
  60 redbacks
  6 wargs
  23 vampire mosquitoes
  A harpy simulacrum (Gauntlet)
  4 spatial vortices (WizLab)
  A steam dragon (D:8)
  21 swamp worms
  8 hell hounds
  A hydra simulacrum (Gauntlet)
  18 water moccasins
  A floating eye (shapeshifter) (Depths:3)
  6 swamp drakes (Swamp:4)
  2 sky beasts
  A black bear (D:8)
  A black bear (shapeshifter) (D:13)
  24 orc warriors
  A meliai simulacrum (Gauntlet)
  5 ice beasts
  A boggart (WizLab)
  6 centaurs
  32 ogres
  29 wolves
  4 lemures (D:9)
  6 elf zombies (Ossuary)
  4 kobold brigands
  18 bullfrogs
  2 gnoll sergeants
  2 scorpions
  An elf skeleton (D:5)
  A two-headed ogre simulacrum (IceCv)
  A wight (D:8)
  A hornet simulacrum (Gauntlet)
  14 killer bees
  4 elephant simulacra (IceCv)
  4 howler monkeys
  4 electric eels
  4 centaur zombies (Ossuary)
  2 human zombies (Ossuary)
  6 hounds
  3 jellies
  14 orc priests
  Crazy Yiuf (D:2)
  3 sleepcaps
  Jessica (D:3)
  2 boggart zombies (Gauntlet)
  3 human skeletons
  Terence (D:3)
  4 iguanas
  Natasha (thrice) (D:2)
  48 orc wizards
  3 spriggan simulacra (IceCv)
  5 troll simulacra (IceCv)
  2 wolf simulacra (IceCv)
  3 mummies (Ossuary)
  2 naga simulacra (IceCv)
  10 adders
  10 gnolls
  A shadow imp (D:7)
  5 white imps
  4 ufetubi
  2 worms
  2 dart slugs
  90 orcs
  8 endoplasms
  5 giant cockroaches
  10 goblins
  8 hobgoblins
  3 quokkas
  9 ball pythons
  A bat (D:2)
  6 frilled lizards
  18 kobolds
  3 orc skeletons (D:5)
  8 rats
  3 starspawn tentacles (WizLab)
1806 creatures vanquished.

Vanquished Creatures (others)
  A caustic shrike (Depths:4)
  2 wizards
  A black bear (Lair:3)
  An ufetubus (IceCv)
  2 briar patches (Swamp:4)
  28 foxfires
  26 fungi
  73 plants
  4 starspawn tentacles (WizLab)
138 creatures vanquished.

Grand Total: 1944 creatures vanquished

Notes
Turn   | Place    | Note
-------+----------+-------------------------------------------
     0 | D:1      | kosdos2 the Formicid Fighter began the quest for the Orb.
     0 | D:1      | Reached XP level 1. HP: 18/18 MP: 1/1
   133 | D:1      | Reached XP level 2. HP: 24/24 MP: 2/2
   502 | D:1      | Reached XP level 3. HP: 29/29 MP: 3/3
   933 | D:2      | Noticed Natasha
   937 | D:2      | Killed Natasha
   938 | D:2      | Reached XP level 4. HP: 32/37 MP: 4/4
   975 | D:2      | Noticed Natasha
   980 | D:2      | Killed Natasha
  1242 | D:2      | Found a runed translucent door.
  1243 | D:2      | Noticed Crazy Yiuf
  1286 | D:2      | Reached XP level 5. HP: 41/42 MP: 5/5
  1491 | D:2      | Noticed Natasha
  1500 | D:2      | Killed Natasha
  1830 | D:2      | Found a faded altar of an unknown god.
  2047 | D:2      | Killed Crazy Yiuf
  2116 | D:3      | Noticed Jessica
  2123 | D:3      | Killed Jessica
  2124 | D:3      | Reached XP level 6. HP: 28/48 MP: 6/6
  2299 | D:3      | Found an ancient bone altar of Kikubaaqudgha.
  2321 | D:3      | Reached skill level 1 in Dodging
  2427 | D:3      | Reached skill level 1 in Stealth
  2600 | D:3      | Noticed Terence
  2611 | D:3      | Killed Terence
  3099 | D:4      | Reached skill level 5 in Axes
  3099 | D:4      | Reached XP level 7. HP: 54/54 MP: 7/7
  3289 | D:4      | Identified the amulet "Ydeca" {Faith Int+3}
  3398 | D:4      | Reached skill level 5 in Shields
  3446 | D:4      | Reached XP level 8. HP: 61/61 MP: 8/8
  3464 | D:4      | Reached skill level 5 in Armour
  3947 | D:5      | Entered Level 5 of the Dungeon
  3956 | D:5      | Reached skill level 5 in Fighting
  4029 | D:5      | Found a sand-covered staircase.
  4035 | Ossuary  | Entered an ossuary
  4253 | Ossuary  | Reached XP level 9. HP: 68/69 MP: 9/9
  4369 | D:5      | Found Deydghaa's Self-Improvement Boutique.
  4371 | D:5      | Found Ozxuuk's Weapon Shop.
  4393 | D:5      | Bought a +0 sling for 19 gold pieces
  4600 | D:5      | Found a staircase to the Ecumenical Temple.
  4618 | Temple   | Entered the Ecumenical Temple
  4693 | Temple   | Became a worshipper of Warmaster Okawaru
  5148 | D:5      | Found a glowing silver altar of Zin.
  5149 | D:5      | Found an opulent altar of Gozag.
  5580 | D:6      | Reached * piety under Okawaru
  5915 | D:7      | Reached skill level 6 in Shields
  5932 | D:7      | Reached ** piety under Okawaru
  5933 | D:7      | Reached XP level 10. HP: 64/77 MP: 10/10
  6721 | D:7      | Reached skill level 10 in Axes
  6721 | D:7      | Reached skill level 7 in Shields
  6860 | D:7      | Found a burning altar of Makhleb.
  6886 | D:7      | Found a sparkling altar of Nemelex Xobeh.
  7211 | D:8      | Reached *** piety under Okawaru
  7432 | D:8      | Reached **** piety under Okawaru
  7467 | D:8      | Reached XP level 11. HP: 31/85 MP: 11/11
  8149 | D:8      | Reached ***** piety under Okawaru
  8366 | D:8      | Reached skill level 8 in Shields
  8445 | D:8      | Noticed Joseph
  8474 | D:8      | Killed Joseph
  8535 | D:8      | Found a staircase to the Lair.
  8732 | Lair:1   | Entered Level 1 of the Lair of Beasts
  9329 | Lair:1   | Received a gift from Okawaru
 10673 | Lair:2   | Reached XP level 12. HP: 61/95 MP: 12/12
 11737 | Lair:2   | Reached skill level 9 in Shields
 11751 | Lair:2   | Received a gift from Okawaru
 11751 | Lair:2   | Found the +15 Maxwell's patent armour {-Cast -Tele rElec
                  | Will+ rCorr}
 11929 | Lair:2   | Reached skill level 10 in Shields
 12150 | Lair:3   | Noticed Kirke
 12371 | Lair:3   | Killed Kirke
 12393 | Lair:3   | Found a dark tunnel.
 12400 | Volcano  | Entered a volcano
 12526 | Volcano  | Reached skill level 10 in Fighting
 12736 | Volcano  | Reached skill level 1 in Invocations
 12793 | Lair:3   | Noticed a pharaoh ant
 12801 | Lair:3   | Killed a pharaoh ant
 12813 | Lair:3   | Reached XP level 13. HP: 27/103 MP: 11/13
 13004 | Lair:3   | Found a hole to the Spider Nest.
 13139 | Lair:3   | Noticed a six-headed hydra
 13148 | Lair:3   | Killed a three-headed hydra
 13190 | Lair:3   | Reached ****** piety under Okawaru
 13195 | Lair:3   | Reached skill level 15 in Axes
 13196 | Lair:3   | Received a gift from Okawaru
 13211 | Lair:3   | Noticed Nergalle
 13218 | Lair:3   | Killed Nergalle
 13250 | Lair:3   | Noticed Gastronok
 13256 | Lair:3   | Reached skill level 11 in Shields
 13266 | Lair:3   | Killed Gastronok
 13335 | Lair:3   | Noticed Sonja
 13347 | Lair:3   | Killed Sonja
 13746 | Lair:3   | Reached skill level 10 in Armour
 13770 | Lair:3   | Received a gift from Okawaru
 13921 | Lair:3   | Found a staircase to the Swamp.
 14093 | Lair:3   | Noticed a five-headed hydra
 14098 | Lair:3   | Killed a seven-headed hydra
 14099 | Lair:3   | Reached skill level 1 in Evocations
 14146 | Lair:3   | Noticed a six-headed hydra
 14152 | Lair:3   | Killed a nine-headed hydra
 14610 | Lair:4   | Reached skill level 12 in Shields
 14816 | Lair:4   | Reached XP level 14. HP: 70/113 MP: 15/15
 15059 | Lair:4   | Identified the +0 ring mail "Joxtuggi" {Dex+2} (Okawaru
                  | gifted it to you on level 4 of the Lair of Beasts)
 15059 | Lair:4   | Received a gift from Okawaru
 15285 | Lair:4   | Found a blossoming altar of Fedhas.
 15883 | Lair:5   | Entered Level 5 of the Lair of Beasts
 16106 | Lair:5   | Reached skill level 13 in Shields
 16473 | Lair:5   | Identified the +1 pair of boots "Bupuin" {-Tele Rampage
                  | rElec rC+++} (Okawaru gifted it to you on level 5 of the
                  | Lair of Beasts)
 16473 | Lair:5   | Received a gift from Okawaru
 17034 | Lair:5   | Found a burning altar of Makhleb.
 17061 | Lair:5   | Reached skill level 14 in Shields
 17145 | Lair:5   | Found a gateway to Hell.
 17340 | Lair:5   | Found a staircase to the Slime Pits.
 17341 | Lair:5   | Found a viscous altar of Jiyva.
 17812 | D:9      | Found a staircase to the Orcish Mines.
 17815 | D:9      | Noticed Maggie
 17824 | D:9      | Killed Maggie
 17825 | D:9      | Reached XP level 15. HP: 57/122 MP: 13/16
 17988 | D:9      | Found Rustryni's Distillery.
 17998 | D:9      | Bought a potion of curing for 45 gold pieces
 17998 | D:9      | Bought a potion of curing for 45 gold pieces
 17998 | D:9      | Bought a potion of heal wounds for 75 gold pieces
 18036 | D:9      | Identified the +1 double sword of the Destroying Boar
                  | {flame, Will+++ Stlth+}
 18222 | D:9      | Noticed Pikel
 18235 | D:9      | Killed Pikel
 18236 | D:9      | Reached skill level 15 in Shields
 18322 | D:9      | Noticed Amaemon
 18331 | D:9      | Killed Amaemon
 18446 | Orc:1    | Entered Level 1 of the Orcish Mines
 18807 | Orc:2    | Entered Level 2 of the Orcish Mines
 18820 | Orc:2    | Reached skill level 16 in Shields
 19002 | Orc:2    | Found a frozen archway.
 19008 | Orc:2    | Received a gift from Okawaru
 19016 | IceCv    | Entered an ice cave
 19141 | IceCv    | Noticed a reaper
 19152 | IceCv    | Killed a reaper
 19175 | IceCv    | Identified the +4 quarterstaff of Damp Action {speed,
                  | +Blink rElec Dex+4}
 19384 | Orc:2    | Gained mutation: Your magical capacity is low. (-10% MP) [a
                  | neqoxec]
 19385 | Orc:2    | Gained mutation: Your body sometimes deteriorates upon
                  | taking damage. [a neqoxec]
 19406 | Orc:2    | Found an ancient bone altar of Kikubaaqudgha.
 19436 | Orc:2    | Found a radiant altar of Vehumet.
 19463 | Orc:2    | Found Qotuz's Distillery.
 19470 | Orc:2    | Bought a potion of flight for 51 gold pieces
 19470 | Orc:2    | Bought a potion of curing for 51 gold pieces
 19470 | Orc:2    | Bought a potion of curing for 51 gold pieces
 19494 | Orc:2    | Found Xipusal's Magic Scroll Shop.
 19502 | Orc:2    | Found Eckaozen's Jewellery Boutique.
 19513 | Orc:2    | Found Denoriacki's Antique Weapon Boutique.
 19555 | Orc:2    | Bought a +6 ring of strength for 504 gold pieces
 19647 | Orc:2    | Found a staircase to the Elven Halls.
 20228 | Orc:1    | Reached XP level 16. HP: 125/128 MP: 16/16
 20347 | D:10     | Entered Level 10 of the Dungeon
 20431 | D:10     | Found a flagged portal.
 20440 | Bailey   | Entered a bailey
 21058 | D:11     | Received a gift from Okawaru
 21452 | D:11     | You fall into a shaft and drop 1 floor!
 21903 | D:12     | Reached skill level 5 in Dodging
 22106 | D:11     | Noticed Grum
 22109 | D:11     | Killed Grum
 22581 | D:12     | Found a portal to a secret trove of treasure.
 22589 | D:12     | Found a broken altar of Ashenzari.
 22832 | D:13     | Noticed Urug
 22832 | D:13     | Noticed Rupert
 22832 | D:13     | Found a gate to the Vaults.
 22841 | D:13     | Killed Urug
 22844 | D:13     | Killed Rupert
 22844 | D:13     | Received a gift from Okawaru
 22847 | D:13     | Reached skill level 17 in Shields
 22893 | D:13     | Found a gate leading to a gauntlet.
 22903 | Gauntlet | Entered a Gauntlet
 22903 | Gauntlet | Found a transporter.
 22916 | Gauntlet | Found a transporter.
 22932 | Gauntlet | Found a transporter.
 22935 | Gauntlet | Found a transporter.
 22945 | Gauntlet | Found a transporter.
 22965 | Gauntlet | Found a transporter.
 22978 | Gauntlet | Found a transporter.
 22998 | Gauntlet | Found a transporter.
 23002 | Gauntlet | Found a transporter.
 23010 | Gauntlet | Found a transporter.
 23031 | Gauntlet | Found a transporter.
 23035 | Gauntlet | Found a transporter.
 23104 | Gauntlet | Identified the ring of Vodka {Fly rF+ Will+}
 23127 | Gauntlet | Got the Grimoire of Glaciation and Teratogeny
 23288 | D:13     | Noticed diceflayer's ghost (journeyman DsGl)
 23316 | D:13     | Found a runed translucent gate.
 23316 | D:13     | Found a runed translucent gate.
 23316 | D:13     | Found a runed translucent gate.
 23372 | D:13     | Identified the +3 robe of Perfidy {*Slow Int+4 Dex+2 SInv}
                  | (Okawaru gifted it to you on level 13 of the Dungeon)
 23372 | D:13     | Received a gift from Okawaru
 23373 | D:13     | Killed diceflayer's ghost
 23428 | D:13     | Got the ring "Gofur" {Fire Dex+2}
 23443 | D:13     | Reached skill level 18 in Shields
 23443 | D:13     | Reached XP level 17. HP: 140/140 MP: 16/17
 24069 | D:13     | Noticed Lodul
 24080 | D:13     | Killed Lodul
 24384 | D:14     | Noticed Azrael
 24392 | D:14     | Killed Azrael
 24606 | D:14     | Reached skill level 15 in Fighting
 24608 | D:14     | Reached XP level 18. HP: 124/149 MP: 18/18
 24665 | D:14     | Noticed Louise
 24672 | D:14     | Noticed Nessos
 24673 | D:14     | Killed Louise
 24680 | D:14     | Killed Nessos
 25132 | D:15     | Entered Level 15 of the Dungeon
 25401 | D:15     | Noticed Josephine
 25419 | D:15     | Killed Josephine
 25569 | D:15     | Received a gift from Okawaru
 25570 | D:15     | Reached skill level 1 in Ranged Weapons
 25588 | D:15     | Identified a scroll of acquirement
 25591 | D:15     | Acquired 354 gold pieces
 26036 | D:15     | Found a staircase to the Depths.
 26378 | Spider:1 | Entered Level 1 of the Spider Nest
 26417 | Spider:1 | Reached skill level 19 in Shields
 28106 | Spider:3 | Identified the +1 ring mail "Ijeme" {+Blink rC+ MP+9 Dex+4}
                  | (Okawaru gifted it to you on level 3 of the Spider Nest)
 28106 | Spider:3 | Received a gift from Okawaru
 28108 | Spider:3 | Reached XP level 19. HP: 151/158 MP: 8/19
 28862 | Spider:3 | Reached skill level 20 in Shields
 29590 | Spider:4 | Entered Level 4 of the Spider Nest
 29590 | Spider:4 | Found a large runed translucent door.
 29590 | Spider:4 | Found a large runed translucent door.
 29684 | Spider:4 | Noticed NimIero's ghost (adept MiMo)
 29839 | Spider:4 | Killed NimIero's ghost
 30261 | Spider:4 | Identified the +4 pair of boots of the Old World {SInv}
                  | (Okawaru gifted it to you on level 4 of the Spider Nest)
 30261 | Spider:4 | Received a gift from Okawaru
 30559 | Spider:4 | Reached XP level 20. HP: 135/170 MP: 0/20
 30576 | Spider:4 | Got a gossamer rune of Zot
 30690 | Spider:4 | Identified the orb "Mis Birgh" {*Rage, Rampage}
 30697 | Spider:4 | Noticed Nikola
 30705 | Spider:4 | Killed Nikola
 30706 | Spider:4 | Reached skill level 21 in Shields
 31504 | Vaults:1 | Entered Level 1 of the Vaults
 31604 | D:12     | You paid a toll of a +4 demon blade to enter a treasure
                  | trove
 31605 | Trove    | Entered a treasure trove
 31612 | Trove    | Identified the +0 pair of boots of the Snail {rC- Str+3
                  | Stlth+}
 31613 | Trove    | Identified the ring of Veyw {Wiz rN+ Stlth+}
 31621 | Trove    | Identified the +1 dagger of the Changing Sybil {flame, rC+
                  | Str+3}
 31629 | Trove    | Identified the +5 halberd of Circularity {vamp, rC+ rN+}
 31636 | Trove    | Identified the +11 halberd of Mana {vamp, rF+ rC+ Stlth-}
 31663 | Vaults:1 | Found Xohyocwu's Magic Scroll Shoppe.
 31668 | Vaults:1 | Bought a scroll of enchant weapon for 97 gold pieces
 31668 | Vaults:1 | Bought a scroll of magic mapping for 97 gold pieces
 31668 | Vaults:1 | Bought a scroll of enchant weapon for 97 gold pieces
 32333 | Vaults:1 | Identified the +5 scimitar of Demonkind {venom, rN+}
                  | (Okawaru gifted it to you on level 1 of the Vaults)
 32333 | Vaults:1 | Received a gift from Okawaru
 33474 | Vaults:2 | Identified the +1 pair of gloves of Generosity {Drain rC+
                  | rCorr} (Okawaru gifted it to you on level 2 of the Vaults)
 33474 | Vaults:2 | Received a gift from Okawaru
 33488 | Vaults:2 | Reached skill level 22 in Shields
 33879 | Vaults:2 | Reached XP level 21. HP: 161/180 MP: 18/22
 34605 | Vaults:2 | You are sucked into a shaft and drop 2 floors!
 34684 | Vaults:4 | Noticed Aizul
 34685 | Vaults:4 | Noticed Boris
 34689 | Vaults:4 | Killed Aizul
 34695 | Vaults:4 | Killed Boris
 34963 | Vaults:3 | Found a staircase to the Crypt.
 35152 | Vaults:3 | Reached skill level 15 in Armour
 35190 | Vaults:3 | Identified the +2 quarterstaff of Boymme Ucvo {venom, rC-
                  | rCorr Str+3 Int+2}
 35569 | Vaults:3 | Found Ciluuppibra's Armour Boutique.
 35642 | Vaults:3 | Received a gift from Okawaru
 36246 | Vaults:3 | Reached skill level 23 in Shields
 36856 | Vaults:4 | Found Ogreboz's Magic Scroll Shop.
 37220 | Vaults:4 | Reached XP level 22. HP: 190/190 MP: 14/23
 37384 | Vaults:4 | Received a gift from Okawaru
 38101 | Vaults:5 | Entered Level 5 of the Vaults
 38339 | Vaults:4 | Reached skill level 5 in Invocations
 38484 | Vaults:5 | Identified the +0 battleaxe of Invincibility {freeze, rN+
                  | Str+3 Dex-3} (Okawaru gifted it to you on level 5 of the
                  | Vaults)
 38484 | Vaults:5 | Received a gift from Okawaru
 38602 | Vaults:4 | Reached skill level 24 in Shields
 38836 | Vaults:5 | Noticed a golden dragon
 38842 | Vaults:5 | Killed a golden dragon
 38857 | Vaults:5 | Received a gift from Okawaru
 39008 | Vaults:5 | Identified the ring of False Pretenses {rElec rCorr}
 39028 | Vaults:5 | Noticed Frederick
 39034 | Vaults:5 | Killed Frederick
 39278 | Vaults:5 | Found the +11 Singing Sword {sonic wave}
 39389 | Vaults:5 | Noticed a golden dragon
 39394 | Vaults:5 | Noticed a golden dragon
 39396 | Vaults:5 | Killed a golden dragon
 39397 | Vaults:5 | Reached XP level 23. HP: 158/200 MP: 0/24
 39405 | Vaults:5 | Killed a golden dragon
 39425 | Vaults:5 | Identified the +7 lajatang of the Lamprey {antimagic,
                  | +Blink rF+}
 39892 | Vaults:5 | Got a silver rune of Zot
 39910 | Vaults:5 | Identified the ring "Eriomuox" {Ice rElec Dex+3}
 39939 | Vaults:5 | Received a gift from Okawaru
 39986 | Vaults:5 | Identified the +11 scimitar "Ruph" {elec, Drain rElec MP+9
                  | Str+3}
 40028 | Vaults:5 | Identified the ring of Woulep {rF++ Str+6}
 40030 | Vaults:5 | Identified the +7 spear of the Middle {protect, rN+}
 40072 | Vaults:5 | Identified the ring of the Fool {rF+ rC+ Str+6}
 40353 | Vaults:5 | Reached skill level 25 in Shields
 40738 | Vaults:5 | Noticed a dread lich
 40745 | Vaults:5 | Killed a dread lich
 40896 | Vaults:5 | Found the +9 scales of the Dragon King {rPois rF+ rC+
                  | Will+}
 41322 | Swamp:1  | Entered Level 1 of the Swamp
 41406 | Swamp:1  | Identified the +1 quarterstaff of Pain and Death {flame,
                  | *Slow Fly rF+++ rCorr}
 42611 | Swamp:3  | Found a runed translucent gate.
 42611 | Swamp:3  | Found a runed translucent gate.
 42618 | Swamp:3  | Found a runed translucent gate.
 42618 | Swamp:3  | Noticed Asoptod's ghost (adept HuVM)
 42953 | Swamp:3  | Killed Asoptod's ghost
 43304 | Swamp:4  | Entered Level 4 of the Swamp
 43521 | Swamp:4  | Identified the +6 ring mail "Vuogeyxu" {rF+ Regen+ MP+9
                  | Str+2} (Okawaru gifted it to you on level 4 of the Swamp)
 43521 | Swamp:4  | Received a gift from Okawaru
 43747 | Swamp:4  | Reached XP level 24. HP: 200/210 MP: 20/24
 43787 | Swamp:4  | Reached skill level 26 in Shields
 43909 | Swamp:4  | Got a decaying rune of Zot
 44836 | Depths:1 | Entered Level 1 of the Depths
 45068 | Depths:1 | Noticed Saint Roka
 45084 | Depths:1 | Killed Saint Roka
 45358 | Depths:1 | Identified the staff of air "Ablitediqa" {rElec rC- rN+
                  | rCorr Stlth+}
 45411 | Depths:1 | Found a white marble altar of Elyvilon.
 45536 | Depths:1 | Found a one-way gateway to a ziggurat.
 45751 | Depths:1 | Found a one-way gate to the infinite horrors of the Abyss.
 46141 | Depths:2 | Found a one-way gate leading to the halls of Pandemonium.
 46154 | Depths:2 | Found a magical portal.
 46163 | WizLab   | Entered The Roulette of Golubria
 46163 | WizLab   | Found a transporter.
 46166 | WizLab   | Found a corrupted altar of Lugonu.
 46392 | WizLab   | Found a transporter.
 46410 | WizLab   | Found a transporter.
 46453 | WizLab   | Found a transporter.
 46503 | WizLab   | Found a transporter.
 46547 | WizLab   | Received a gift from Okawaru
 46566 | WizLab   | Found a corrupted altar of Lugonu.
 46582 | WizLab   | Found a transporter.
 46601 | WizLab   | Found a transporter.
 46675 | WizLab   | Found a transporter.
 46783 | WizLab   | Found a transporter.
 46786 | WizLab   | Found a corrupted altar of Lugonu.
 46868 | WizLab   | Found a transporter.
 46868 | WizLab   | Found a transporter.
 46952 | WizLab   | Found a transporter.
 46952 | WizLab   | Found a transporter.
 47012 | WizLab   | Found a transporter.
 47072 | WizLab   | Got the Compendium of the Tesseract
 47078 | WizLab   | Found a transporter.
 47078 | WizLab   | Found a transporter.
 47122 | WizLab   | Found a transporter.
 47130 | WizLab   | Reached skill level 27 in Shields
 47181 | WizLab   | Identified the +1 cloak "Gebi" {rC+ rCorr Stlth+}
 47193 | WizLab   | Identified the +1 cloak of Feasting {Contam rElec Str+5}
 47205 | WizLab   | Got Lom Lobon's Directory of Translocation
 47252 | WizLab   | Found a transporter.
 47252 | WizLab   | Found a transporter.
 47368 | WizLab   | Found a transporter.
 47713 | Depths:2 | Found a hide-covered altar of Uskayaw.
 47764 | Depths:2 | Found a stormy altar of Qazlal.
 47975 | Depths:2 | Found Udyenkao's Assorted Antiques.
 47983 | Depths:2 | Bought 2 potions of heal wounds for 450 gold pieces
 48042 | Depths:2 | You are sucked into a shaft and drop 2 floors!
 48042 | Depths:4 | Entered Level 4 of the Depths
 48051 | Depths:4 | Noticed a caustic shrike
 48053 | Depths:4 | Noticed a caustic shrike
 48056 | Depths:4 | Killed a caustic shrike
 48056 | Depths:4 | Noticed a caustic shrike
 48059 | Depths:4 | Killed a caustic shrike
 48059 | Depths:4 | Identified the +4 battleaxe of Xess {venom, +Blink rN+++
                  | Dex-2 SInv} (Okawaru gifted it to you on level 4 of the
                  | Depths)
 48059 | Depths:4 | Received a gift from Okawaru
 48060 | Depths:4 | Reached XP level 25. HP: 190/221 MP: 8/24
 48062 | Depths:4 | Noticed a caustic shrike
 48062 | Depths:4 | Noticed a caustic shrike
 48064 | Depths:4 | Killed a caustic shrike
 48068 | Depths:4 | Killed a caustic shrike
 48070 | Depths:4 | Killed a caustic shrike
 48401 | Depths:3 | Noticed Boris
 48423 | Depths:3 | Killed Boris
 48442 | Depths:3 | Identified the +1 ring mail "Naonogg" {rF+ MP+9} (Okawaru
                  | gifted it to you on level 3 of the Depths)
 48442 | Depths:3 | Received a gift from Okawaru
 48778 | Depths:3 | Identified the +5 rapier "Kyigeitz" {heavy, rF+}
 48982 | Depths:3 | Noticed an ancient lich
 48982 | Depths:3 | Noticed a caustic shrike
 48983 | Depths:3 | Noticed a juggernaut
 48984 | Depths:3 | Noticed a caustic shrike
 49005 | Depths:3 | Killed an ancient lich
 49019 | Depths:3 | Slain by a juggernaut

Illustrated notes

Levels and vault maps discovered:
D:1:      nzn_arrival_crosshair, layout_loops_corners, st_stairs_14
D:2:      layout_loops_corners, shapermc_ecumenical_altar_mp_ritualfount,
          nicolae_titane, uniq_natasha, uniq_crazy_yiuf_cottage
D:3:      layout_basic, nicolae_overflow_crystal_walls, corexii_shack,
          hangedman_decor_growths, uniq_terence, uniq_jessica
D:4:      layout_basic, kennysheep_generic_room_15
D:5:      layout_cave_pools, grunt_temple_overflow_gold_and_silver,
          minmay_temple_entry_mini_moons, nicolae_ossuary_entry_catacombs,
          serial_shops, nicolae_shop_window_shopping, nicolae_shop_self_help
D:6:      layout_loops_ring
D:7:      layout_loops_ring, mainiacjoe_overflow_two_lobes, grunt_ministairs_10
D:8:      minmay_octagon_keep, layout_rooms, erik_lair_dragon,
          chequers_serial_rivers_large_b, uniq_joseph
D:9:      minmay_cut_squares, layout_cave_pools, serial_shops, shop,
          uniq_maggie, uniq_pikel, uniq_amaemon
D:10:     layout_rooms, enter_bailey_2
D:11:     layout_grid_maze, uniq_grum
D:12:     layout_grid_maze, enter_trove_1, ashenzari_altar_1
D:13:     layout_basic, david_vaults_3, gammafunk_ghost_icy,
          gauntlet_entry_generic, uniq_lodul
D:14:     layout_stronghold, solitary_fountain, uniq_louise, uniq_azrael,
          uniq_nessos
D:15:     grunt_enter_depths_snipers, layout_basic, due_unseen_surprise,
          uniq_josephine
Temple:   bh_familiar_temple
Lair:1:   layout_long_grid, beast_lair_carwin_1, serial_bayou_shore_b
Lair:2:   layout_hall_layers, lemuel_fruit_tree, infiniplex_staircase_pool_2,
          grunt_megastairs_4
Lair:3:   cheibrodos_lair_river_kwai, layout_misc_corridors,
          nicolae_swamp_entry_splash_gauntlet,
          nicolae_spider_entry_lesser_pyramids, enter_volcano_2, uniq_nergalle,
          uniq_sonja, uniq_kirke, uniq_gastronok
Lair:4:   minmay_lair_oklob_tunnel, layout_hall_layers, tgw_fedhas
Lair:5:   evil_forest, layout_regular_city, slime_entry_1, serial_bayou_lake_a,
          grunt_megastairs_2
Swamp:1:  layout_falls_marsh, serial_swamp_ruin, evilmike_swamp_ruin_house_1,
          evilmike_swamp_ruin_house_5, infiniplex_staircase_pool
Swamp:2:  layout_falls_marsh, evilmike_swamp_ruin_house_6
Swamp:3:  layout_basic_swamp, ebering_ghost_rock_garden,
          nicolae_swamp_triple_paths
Swamp:4:  swamp_basic_johnstein, layout_basic_swamp, swamp_pool2,
          lightli_tree_ring
Spider:1: layout_spider_delve
Spider:2: layout_spider_delve, hangedman_spider_tarantella_strand
Spider:3: nicolae_spider_hilbert_zone_3 [nicolae_spider_hilbert_4_sides_2_open,
          nicolae_spider_hilbert_3_sides_1_open,
          nicolae_spider_hilbert_3_sides_1_open,
          nicolae_spider_hilbert_3_sides_1_open,
          nicolae_spider_hilbert_3_sides_1_open,
          nicolae_spider_hilbert_4_sides_1_open,
          nicolae_spider_hilbert_4_sides_1_open,
          nicolae_spider_hilbert_4_sides_1_open,
          nicolae_spider_hilbert_4_sides_1_open,
          nicolae_spider_hilbert_4_sides_1_open,
          nicolae_spider_hilbert_4_sides_1_open,
          nicolae_spider_hilbert_4_sides_1_open,
          nicolae_spider_hilbert_4_sides_1_open,
          nicolae_spider_hilbert_3_sides_1_open,
          nicolae_spider_hilbert_3_sides_1_open,
          nicolae_spider_hilbert_3_sides_1_open,
          nicolae_spider_hilbert_3_sides_1_open], nicolae_spider_stair_cavern
Spider:4: hellmonk_spider_rune_endless_swarm, ebering_ghost_disaster_area,
          uniq_nikola
Orc:1:    lemuel_ogre_cave, layout_caves, rock_pile
Orc:2:    kennysheep_orc_mage_school, layout_diamond_mine, portal_ice_cave_rime
Vaults:1: v_misc_30, grunt_vaults_swirl, v_pattern_3, hangedman_vaults_nails,
          nicolae_vaults_double_plus_2, nicolae_vaults_closet_pinwheel_4,
          nicolae_vaults_sightless_eye, nicolae_vaults_security_offices_2,
          vaults_room_pools, v_misc_23, layout_vaults_ring, serial_shops,
          nicolae_shop_hallway_plus
Vaults:2: vaults_dpeg_ring, nicolae_vaults_network_s,
          nicolae_vaults_sesquioval_fish, v_misc_31, nicolae_vaults_octothorpe,
          ontoclasm_vaults_gallery, ontoclasm_vaults_eye,
          nicolae_vaults_yaktaur_gun_rack, nicolae_vaults_storage_room_glass,
          v_misc_30, grunt_vaults_focal, nicolae_vaults_apartment_2,
          vaults_mumra_lcd, layout_vaults_maze_bifur
Vaults:3: v_rooms_2, nicolae_vaults_ellipses_ellipsis,
          nicolae_vaults_enemy_cabinets, nicolae_vaults_lightning_bolt,
          minmay_crypt_entry_simple_corners, nicolae_vaults_house_3,
          vaults_dpeg_diagonal, nicolae_vaults_little_ls,
          nicolae_vaults_surprise_closet, nicolae_vaults_trapezoid_1,
          nicolae_vaults_circle_grid_a, nicolae_vaults_storage_closets_1,
          nicolae_vaults_trapezoid_1, layout_vaults_chaotic_city, serial_shops,
          shop
Vaults:4: vaults_mumra_hexcomb, nicolae_vaults_network_barrier,
          vaults_room_fours, nicolae_vaults_tetromino_L_1, serial_ice_m,
          nicolae_vaults_rhombus_6, nicolae_vaults_closet_pinwheel_2,
          nicolae_vaults_rhombus_5, nicolae_vaults_wine_cellar,
          layout_vaults_omnigrid, serial_shops, shop, uniq_boris, uniq_aizul
Vaults:5: serial_shops, uniq_frederick
Depths:1: layout_small_grid, enter_ziggurat_a, lightli_too_deep,
          elyvilon_altar_5, hangedman_abyss_entry_splay, lemuel_old_faithful,
          grunt_megastairs_5, uniq_saint_roka
Depths:2: hellmonk_crumbling_castle, layout_honeycomb, serial_shops, shop,
          grunt_qazlal_clouds, pan_entry, hell_entry,
          infiniplex_enter_wizlab_glasses,
          nicolae_uskayaw_murder_on_the_dancefloor,
          infiniplex_staircase_zigzag_1
Depths:3: nicolae_fronds_of_death, layout_cave_shapes, abyss_entry, hellmouth_1,
          chequers_serial_rivers_micro_d, minmay_microvault
Depths:4: grunt_x_marks_the_spot, layout_basic, pf_vacation_house_of_asmodeus,
          minmay_misc_feat_plants, rand_demon_pan_entry_8, serial_shops, shop,
          shop, serial_bayou_shore_a

Skill      XL: |  1  2  3  4  5  6  7  8  9 10 11 12 13 14 15 16 17 18 19 20 21 22 23 24 25 |
---------------+----------------------------------------------------------------------------+-----
Axes           | 3 4 5 7 9 11 12 14 16 17 18 19 20 21 22 23 24 25 | 25.0
Armour         | 4 5 6 7 8 9 10 11 12 13 14 15 16 17 | 17.3
Dodging        | 1 2 3 4 5 6 7 |  7.2
Stealth        | 1 2 3 |  3.5
Fighting       | 4 5 6 7 9 10 11 12 13 14 15 16 17 19 20 21 22 23 | 23.8
Shields        | 5 6 7 8 10 12 14 16 18 19 20 22 23 24 25 27 | 27.0
Invocations    | 1 2 3 4 5 |  5.9
Evocations     | 1 |  1.1
Ranged Weapons | 1 |  1.0
Throwing       | |  0.3

Action                     |  1- 3 |  4- 6 |  7- 9 | 10-12 | 13-15 | 16-18 | 19-21 | 22-24 | 25-27 || total
---------------------------+-------+-------+-------+-------+-------+-------+-------+-------+-------++-------
  Melee: War axe           |    71 |   147 |   403 |   661 |       |       |       |       |       ||  1282
         Broad axe         |       |       |       |    26 |    75 |       |       |   190 |       ||   291
         Battleaxe         |       |       |       |       |   604 |   573 |   764 |   652 |   166 ||  2759
   Fire: Sling             |       |       |     2 |     4 |       |     2 |       |       |       ||     8
  Throw: Stone             |       |       |     5 |       |       |       |       |       |       ||     5
 Invoke: Heroism           |       |       |       |     9 |    19 |     6 |    13 |    15 |     3 ||    65
Ability: Dig               |       |       |       |       |     4 |     1 |       |       |       ||     5
  Evoke: Wand              |       |       |       |       |     6 |       |       |       |       ||     6
         Lightning rod     |       |       |       |       |       |       |       |     1 |     1 ||     2
         Condenser vane    |       |       |       |       |       |       |       |     1 |       ||     1
    Use: Scroll            |       |       |    16 |     8 |     8 |    11 |     9 |     4 |       ||    56
         Potion            |       |       |       |     5 |     3 |     3 |       |    11 |    14 ||    36
   Stab: Paralysed         |       |       |       |       |     1 |       |       |       |       ||     1
         Distracted        |       |       |       |       |     1 |       |       |       |       ||     1
 Armour: Scale mail        |    33 |     2 |       |       |       |       |       |       |       ||    35
         Ring mail         |       |    53 |   175 |    38 |       |       |       |       |       ||   266
         Plate armour      |       |       |       |   359 |   534 |   383 |   448 |   391 |   118 ||  2233
  Dodge: Dodged            |    29 |    81 |   195 |   305 |   363 |   253 |   315 |   209 |    64 ||  1814
  Block: Buckler           |    14 |    28 |   110 |   194 |   301 |   200 |       |       |       ||   847
         Kite shield       |       |       |       |       |       |   172 |   704 |    54 |       ||   930
         Tower shield      |       |       |       |       |       |       |       |   896 |   287 ||  1183
